 Dungeon Crawl Stone Soup version 0.20-a0-893-g832831a (webtiles) character file.

2 4thArraOfDagon the Sneak (level 1, -2/27 HPs)
             Began as a Formicid Wanderer on Mar 16, 2017.
             Splashed by a jelly's acid (5 damage)
             ... on level 7 of the Dungeon.
             The game lasted 00:00:36 (85 turns).

4thArraOfDagon the Sneak (Formicid Wanderer)          Turns: 85, Time: 00:00:37

Health: -2/27      AC: 16    Str: 14    XL:     1   Next: 33%
Magic:  1/1        EV:  2    Int: 10    God:
Gold:   0          SH:  0    Dex: 13    Spells: 0/0 levels left

rFire    . . .     SeeInvis .   d - +0 short sword
rCold    . . .     Gourm    .   (armour currently unavailable)
rNeg     + + +     Faith    .   (no shield)
rPois    +         Spirit   .   (helmet unavailable)
rElec    .         Reflect  .   (cloak currently unavailable)
rCorr    .         Harm     .   (gloves currently unavailable)
MR       .....                  (boots currently unavailable)
Stlth    ++........             (no amulet)
Regen    0.1/turn               (no ring)
MPRegen  0.1/turn               (no ring)

@: tree-form, corroded
A: permanent stasis, dig shafts and tunnels, four strong arms, (antennae 0)
a: no special abilities


You were on level 7 of the Dungeon.
You were not hungry.
You were a tree.
You visited 1 branch of the dungeon, and saw 4 of its levels.

Inventory:

Hand Weapons
 d - a +0 short sword (weapon)
 e - a +0 dagger
Missiles
 b - 4 throwing nets (quivered)
Armour
 a - a +0 leather armour (melded)
Scrolls
 g - a scroll of enchant weapon {unknown}
 h - a scroll of teleportation {unknown}
Comestibles
 f - a bread ration


   Skills:
 + Level 3.4 Fighting
 - Level 2.0 Short Blades
 - Level 1.0 Throwing
 - Level 1.0 Dodging
 - Level 3.6 Stealth


You couldn't memorise any spells.
You didn't know any spells.

Dungeon Overview and Level Annotations

Branches:
Dungeon (4/15)
 Temple: D:4-7

Altars:

Annotations:
D:2 Terence
D:4 Natasha


Innate Abilities, Weirdness & Mutations

You cannot be hasted, slowed, berserked, paralysed or teleported.
You can dig through walls and to a lower floor.
Your four strong arms can wield two-handed weapons with a shield.
((You have a pair of large antennae on your head. (SInv)))


Message History

You begin to dig a shaft.
You continue digging a shaft.
The orc hits you with a short sword. A shaft appears beneath you!
You fall through a shaft for 3 floors!
The shaft crumbles and collapses.
A jelly comes into view.
Found 2 potions of lignification and a scroll labeled OWOSSI SIVYPUNLUNI.
Found a stone staircase leading up and a stone staircase leading down.
The helpless jelly fails to defend itself.
You puncture the jelly! The acid corrodes you!
Your hands burn!
* * * LOW HITPOINT WARNING * * *
The jelly is heavily wounded.
The jelly barely misses you.
Unknown command.
You turn into a tree.
Your +0 leather armour melds into your body.
Your roots penetrate the ground.
The jelly hits you but does no damage.
Unknown command.
You hit the jelly but do no damage.
Your branches burn!
You die...

#.#.. #..? ....
#..# #..# #..#
#..######
#♣.......
.......J.######
...!..####
.....# ...>#
.#.# ..# .#


You could see a jelly.

Vanquished Creatures
  A leopard gecko (D:4)
1 creature vanquished.

Notes
Turn   | Place    | Note
-------+----------+-------------------------------------------
     0 | D:1      | 4thArraOfDagon the Formicid Wanderer began the quest for the Orb.
     0 | D:1      | 4thArraOfDagon set off with: a +0 leather armour, 4 throwing nets, a potion of lignification, a +0 short sword, a +0 dagger, a bread ration
     0 | D:1      | Reached XP level 1. HP: 18/18 MP: 1/1
    10 | D:1      | You fall through a shaft!
    27 | D:2      | Noticed Terence
    30 | D:2      | You fall through a shaft for 2 floors!
    32 | D:4      | Noticed Natasha
    73 | D:4      | Noticed an orc wizard
    73 | D:4      | Noticed an orc wizard
    82 | D:4      | You fall through a shaft for 3 floors!
    82 | D:7      | Noticed a jelly
    85 | D:7      | Splashed by a jelly's acid

Vault maps used:
D:1:      matt_arrival_diagonals
D:2:      lemuel_doored_altar, minitemple, grunt_ministairs_8,
          kennysheep_generic_room_6, uniq_terence
D:4:      lemuel_crystal_altar, serial_shops,
          nicolae_shop_competitors_out_of_business, shop, minmay_cut_off,
          uniq_natasha
D:7:      fedhas_altar_decomposition, grunt_ogre_cave, uniq_duvessa

Action                   || total
-------------------------++-------
Melee: Short sword       ||     9
 Abil: Shaft Self        ||     3
       Dig               ||     1
  Use: Potion            ||     1
 Stab: Sleeping          ||     1
Armor: Leather armour    ||     2
       Skin              ||     1
Dodge: Dodged            ||     4
